AoeStats
← federico.parolin

Scandinavia

510680673Analyzed
1v1 RM · 1d ago on Oct 2, 2026· 51m 39s· 2 players
Game mode
Random Map
Map size
Tiny (2 player)
Population
200
Speed
Normal
Resources
Standard
Victory
Conquest
Starting age
Dark Age
Ending age
Imperial Age
RankedLock teamsTeams togetherTeam positionsShared explorationLock speedFull tech treeHidden civsTurbo modeCheats
Victory
Defeat
🇦🇷 Franks · Argentina
1063
+18
🇲🇽 Gurjaras · Mexico
1109
-18
[GI MONO] demon.void
3:38 Loom
10:18 Feudal Age
13:34 Town Watch
16:25 Castle Age
14:47 Double-Bit Axe
15:20 Horse Collar
18:18 Gold Mining
22:37 Scale Barding Armor
22:50 Stone Mining
24:10 Wheelbarrow
30:09 Imperial Age
27:59 Heavy Plow
28:16 Forging
28:56 Chain Barding Armor
30:14 Ballistics
30:31 Husbandry
31:31 Conscription
31:32 Bloodlines
31:44 Hand Cart
32:43 Kshatriyas
33:22 Heavy Camel Rider
35:45 Chemistry
38:52 Frontier Guards
41:28 Light Cavalry
45:31 Treadmill Crane
47:37 Thumb Ring
50:27 Fletching
51:46 Gold Shaft Mining
federico.parolin
11:36 Feudal Age
9:56 Loom
12:21 Double-Bit Axe
17:59 Castle Age
16:24 Fishing Lines
16:40 Gold Mining
16:43 Stone Mining
17:41 Stone Mining
19:24 Pikeman
20:07 Scale Mail Armor
21:41 Fletching
25:02 Wheelbarrow
24:12 Town Watch
30:40 Imperial Age
28:40 Ordonnance Companies
29:49 Bow Saw
30:47 Hand Cart
31:26 Ballistics
33:59 Chain Mail Armor
33:55 Forging
33:43 Bodkin Arrow
34:51 Chemistry
33:50 Elite Throwing Axeman
34:54 Conscription
35:38 Plate Mail Armor
35:05 Bodkin Arrow
43:03 Gold Shaft Mining
49:05 Scale Barding Armor
49:36 Iron Casting
49:18 Cavalier
49:58 Husbandry
52:15 Chain Barding Armor
52:55 Blast Furnace
51:27 Paladin
Connection lost

Rejoining the realm…

Still unreachable

The connection could not be restored.

Session expired

The server has moved on; the page needs a fresh start.